 Dungeon Crawl Stone Soup version 0.20-a0-187-ge5586d949a (webtiles) character file.

226 KristoblXynda the Slasher (level 5, -1/45 HPs)
             Began as a Draconian Fighter on Nov 23, 2016.
             Succumbed to a goblin's poison
             ... on level 3 of the Dungeon.
             The game lasted 00:05:40 (3178 turns).

KristoblXynda the Slasher (Draconian Fighter)       Turns: 3178, Time: 00:05:41

Health: -1/45      AC:  6    Str: 18    XL:     5   Next: 69%
Magic:  5/5        EV: 11    Int: 15    God:
Gold:   154        SH:  9    Dex: 10    Spells: 4/4 levels left

rFire  . . .     SeeInvis .     a - +0 long sword
rCold  . . .     Gourm    .     (armour unavailable)
rNeg   . . .     Faith    .     b - +0 shield
rPois  .         Spirit   .     (helmet restricted)
rElec  .         Reflect  .     (no cloak)
rCorr  .         Harm     .     (no gloves)
MR     .....                    m - +0 pair of boots
Stlth  +.........               (no amulet)
                                (no ring)
                                (no ring)

@: brilliant, lethally poisoned (-1 -> -15), exhausted, slowed, very slow
A: unfitting armour, cold-blooded, AC +5
a: no special abilities


You were on level 3 of the Dungeon.
You were not hungry.

You visited 1 branch of the dungeon, and saw 3 of its levels.
You also visited: Sewer.

You collected 154 gold pieces.

Inventory:

Hand Weapons
 a - a +0 long sword (weapon)
 o - a +0 dagger of venom
Armour
 b - a +0 shield (worn)
 m - a +0 pair of boots (worn)
Wands
 p - a wand of confusion (47/48)
Scrolls
 f - a scroll of remove curse
 h - 7 scrolls of teleportation
Potions
 c - a potion of might
 e - 2 potions of agility
 g - a potion of cancellation
 i - a potion of degeneration {unknown}
 k - a potion of invisibility {unknown}
 n - 2 potions of flight
Comestibles
 d - 3 bread rations
 j - 2 fruits


   Skills:
 - Level 3.2 Fighting
 * Level 4.5 Long Blades
 + Level 3.9 Dodging
 + Level 3.9 Shields


You had 4 spell levels left.
You didn't know any spells.

Dungeon Overview and Level Annotations

Branches:
Dungeon (3/15)

Altars:
Elyvilon
Gozag


Innate Abilities, Weirdness & Mutations

Your plain brown scales are hard. (AC +5)
You cannot fit into any form of body armour.
You are cold-blooded and may be slowed by cold attacks.


Message History

You feel sick.
It was a potion of berserk rage.
A red film seems to cover your vision as you go berserk!
You feel yourself moving faster!
You feel mighty!
* * * LOW HITPOINT WARNING * * *
You feel sick.
You are too berserk!
Unknown command.
There is a lethal amount of poison in your body!
You feel a strong urge to attack something.
* * * LOW HITPOINT WARNING * * *
You feel sick.
* * * LOW HITPOINT WARNING * * *
You feel sick.
You feel your anger subside.
You are no longer berserk.
You are exhausted.
You feel yourself slow down.
* * * LOW HITPOINT WARNING * * *
You feel sick.
You die...

*########.###.##,##.....#
,.............#,,,#...#.#
*########...####+####...#
##.##(#...#.##..# *
#.#..'...'..#..#
***#######.##.#...#.##..#
,,,..<......####)####...#######
***#######....#.†.#....†......#
**########.##.##@##.###.#####.#
,,..........#..#(#......# *,*
**########..##.......#### *,*
#.<####.(..## *,* #..# ######
*,* #..# **********,* #..#
*,,,,,,,,,,* #..# *,**********
#..# *,*


There were no monsters in sight!

Vanquished Creatures
  Natasha (thrice) (D:2)
  An adder (D:2)
  6 oozes
  3 worms (Sewer)
  2 dart slugs
  5 leopard geckos
  5 orcs (D:3)
  4 giant cockroaches
  9 goblins
  12 hobgoblins
  7 jackals
  2 quokkas
  14 bats
  4 frilled lizards
  11 kobolds
  5 rats
93 creatures vanquished.

Notes
Turn   | Place    | Note
-------+----------+-------------------------------------------
     0 | D:1      | KristoblXynda the Draconian Fighter began the quest for the Orb.
     0 | D:1      | Reached XP level 1. HP: 19/19 MP: 1/1
   152 | D:1      | Reached XP level 2. HP: 21/26 MP: 2/2
   610 | D:2      | Reached XP level 3. HP: 31/31 MP: 3/3
   700 | D:2      | Noticed Natasha
   709 | D:2      | Killed Natasha
   709 | D:2      | Reached skill level 3 in Long Blades
  1194 | D:2      | Reached XP level 4. HP: 28/38 MP: 4/4
  1478 | D:2      | Noticed Natasha
  1486 | D:2      | Killed Natasha
  1574 | D:2      | Found an opulent altar of Gozag.
  1630 | D:2      | Found a white marble altar of Elyvilon.
  1861 | D:2      | Noticed Natasha
  1869 | D:2      | Killed Natasha
  2037 | D:3      | Found a glowing drain.
  2038 | D:3      | Reached skill level 4 in Long Blades
  2044 | D:3      | Reached XP level 5. HP: 40/45 MP: 5/5
  2061 | Sewer    | Entered a sewer
  3176 | D:3      | HP: 3/67 [poisoned by a goblin]
  3177 | D:3      | HP: 1/45 [poisoned by a goblin]
  3178 | D:3      | Succumbed to a goblin's poison

Vault maps used:
D:1:      dpeg_chamrin_arrival_tetris
D:2:      lemuel_coloured_pillars_altar, lemuel_doored_altar, first_bread,
          uniq_natasha
D:3:      cheibrodos_greedy_goblins, portal_sewer_entry_b
Sewer:    sewer_fruit_machine

Skill      XL: |  1  2  3  4 |
---------------+-------------+-----
Dodging        | 3 |  3.9
Long Blades    | 3 4 |  4.5
Fighting       | |  3.2
Shields        | |  3.9

Action                   |  1- 3 |  4- 6 || total
-------------------------+-------+-------++-------
Melee: Long sword        |    73 |   206 ||   279
       Tailslap          |    10 |    26 ||    36
  Use: Scroll            |       |     8 ||     8
       Potion            |       |     3 ||     3
  Eat: Chunk             |     1 |     2 ||     3
       Meat ration       |       |     1 ||     1
Armor: Skin              |    19 |    69 ||    88
Dodge: Dodged            |    27 |   139 ||   166
Block: Shield            |    38 |   116 ||   154
       Rpst.: Long sword |    10 |    39 ||    49
